 Dungeon Crawl Stone Soup version 0.24.1-14-gf8d2b509d9 (webtiles) character file.

Game seed: 11810573718762446742, levelgen mode: deterministic

153 Mrkan the Ruffian (level 5, -2/53 HPs)
             Began as a Troll Berserker on May 16, 2020.
             Was a Believer of Trog.
             Slain by an ogre
             ... wielding a +0 giant club
              (15 damage)
             ... on level 4 of the Dungeon.
             The game lasted 00:03:57 (2203 turns).

Mrkan the Ruffian (Troll Berserker)                 Turns: 2203, Time: 00:03:57

Health: -2/53      AC:  6    Str: 25    XL:     5   Next: 12%
Magic:  4/4        EV: 10    Int:  4    God:    Trog [**....]
Gold:   80         SH:  0    Dex:  9    Spells: 4/4 levels left

rFire    . . .     SeeInvis .     - Unarmed
rCold    . . .     Gourm    +   (no shield)
rNeg     . . .     Faith    .   a - +0 animal skin
rPois    .         Spirit   .   (helmet restricted)
rElec    .         Reflect  .   (no cloak)
rCorr    .         Harm     .   (gloves unavailable)
MR       .....                  (boots unavailable)
Stlth    +.........             (no amulet)
HPRegen  0.57/turn              (no ring)
MPRegen  0.09/turn              (no ring)

@: no status effects
A: large, unfitting armour, claws 3, fast metabolism 3, gourmand, regeneration
1, shaggy fur 1, tough skin 3
a: Berserk, Trog's Hand, Renounce Religion


You were on level 4 of the Dungeon.
You worshipped Trog.
Trog was pleased with you.
You were completely stuffed.

You visited 1 branch of the dungeon, and saw 4 of its levels.

You collected 80 gold pieces.

Inventory:

Missiles
 r - 5 boomerangs of dispersal (quivered)
Armour
 a - a +0 animal skin (worn)
Jewellery
 m - a +4 ring of intelligence {unknown}
Wands
 f - a wand of random effects (21)
Scrolls
 h - 6 scrolls of identify {unknown}
 i - a scroll of amnesia {unknown}
 j - a scroll of enchant weapon {unknown}
 k - 2 scrolls of magic mapping {unknown}
 l - 5 scrolls of remove curse {unknown}
 n - a scroll of random uselessness {unknown}
 p - a scroll of teleportation {unknown}
Potions
 c - 3 potions of lignification {unknown}
 d - 3 potions of heal wounds {unknown}
 e - a potion of resistance
 g - a potion of cancellation {unknown}
 o - a potion of magic {unknown}
Comestibles
 b - 7 rations
 q - a chunk of flesh


   Skills:
 + Level 3.3 Fighting
 - Level 2.4 Dodging
 * Level 5.1 Unarmed Combat


You had 4 spell levels left.
You didn't know any spells.
Your spell library was empty.

Dungeon Overview and Level Annotations

Branches:
Dungeon (4/15)
 Temple: D:4-7

Altars:
Uskayaw
Wu Jian


Innate Abilities, Weirdness & Mutations

You are too large for most types of armour.
You have claws for hands.
Your metabolism is lightning-fast.
You like to eat raw meat.
Your natural rate of healing is unusually fast.
You are covered in fur. (AC +1)
You have extremely tough skin. (AC +3)


Message History

Found a scroll labeled QOHARR EFICIE.
Found an ornate altar of the Wu Jian Council.
l - 5 scrolls labeled QOHARR EFICIE (gained 1) Eating one of 2 chunks of flesh.
You eat one of the 2 chunks of flesh.
This raw flesh tastes great.
An ogre comes into view. It is wielding a +0 giant club.
The ogre hits you with a +0 giant club!
You scratch the ogre.
The ogre is lightly wounded.
The ogre hits you with a +0 giant club!
You barely miss the ogre.
The ogre is lightly wounded.
The ogre hits you with a +0 giant club!
* * * LOW HITPOINT WARNING * * *
You barely miss the ogre.
The ogre is lightly wounded.
You scratch the ogre.
The ogre is moderately wounded.
The ogre hits you with a +0 giant club!
You die...

#########
#####.......#
#.....#####.##.#
#.....##...@...#
#........##O##.#
####.....#####.#
.. #........# #.#
.# #.#.#..#....
..# # #
#....##########
#......##.....#
........#.##..<[.#
........#........#


You could see an ogre.

Vanquished Creatures
  A crimson imp (D:2)
  Jessica (D:2)
  An adder (D:2)
  An ooze (D:2)
  3 worms (D:3)
  An adder skeleton (D:4)
  2 dart slugs
  3 leopard geckos (D:2)
  A ball python (D:1)
  11 goblins
  9 hobgoblins
  13 kobolds
  4 bats
  6 frilled lizards
  5 rats
62 creatures vanquished.

Notes
Turn   | Place    | Note
-------+----------+-------------------------------------------
     0 | D:1      | Mrkan the Troll Berserker began the quest for the Orb.
     0 | D:1      | Reached XP level 1. HP: 22/22 MP: 0/0
    97 | D:1      | Reached XP level 2. HP: 26/29 MP: 1/1
   744 | D:2      | Noticed Jessica
   759 | D:2      | Killed Jessica
   759 | D:2      | Reached skill level 4 in Unarmed Combat
   759 | D:2      | Reached XP level 3. HP: 36/36 MP: 2/2
   790 | D:2      | Reached ** piety under Trog
   836 | D:2      | Reached XP level 4. HP: 45/45 MP: 3/3
  1758 | D:3      | Reached skill level 5 in Unarmed Combat
  1788 | D:3      | Reached XP level 5. HP: 47/53 MP: 4/4
  1994 | D:3      | Noticed a +0 dagger
  1996 | D:3      | Noticed a +0 dagger
  2007 | D:3      | Found a hide-covered altar of Uskayaw.
  2183 | D:4      | Found an ornate altar of the Wu Jian Council.
  2197 | D:4      | Noticed an ogre
  2203 | D:4      | Slain by an ogre

Levels and vault maps discovered:
D:1:      wheals_arrival_shading, layout_basic
D:2:      layout_loops_cross, uniq_jessica
D:3:      layout_basic, dancing_weapons_uskayaw, first_ration,
          serial_corexii_hall, chequers_hall_statues_wall_a,
          corexii_hall_statues_deadend, corexii_hall_statues_u
D:4:      layout_loops_cross, grunt_temple_overflow_open, serial_shops, shop

Skill      XL: |  1  2  3  4 |
---------------+-------------+-----
Unarmed Combat | 4 5 |  5.1
Fighting       | 3 |  3.3
Dodging        | |  2.4

Action                   |  1- 3 |  4- 6 || total
-------------------------+-------+-------++-------
Melee: Unarmed           |    67 |    62 ||   129
       Punch             |       |     2 ||     2
  Eat: Chunk             |    13 |    13 ||    26
Armor: Animal skin       |    31 |    25 ||    56
Dodge: Dodged            |    36 |    24 ||    60
